 Dungeon Crawl Stone Soup version 0.17-a0-1910-g4c791fa (webtiles) character file.

15089 Kusio the Bludgeoner (level 12, 0/118 HPs)
             Began as an Ogre Berserker on Sept 26, 2015.
             Was a High Priest of Trog.
             Slain by a polar bear (10 damage)
             ... in an ice cave.
             The game lasted 00:53:02 (9270 turns).

Kusio the Bludgeoner (Ogre Berserker)               Turns: 9270, Time: 00:53:04

Health: 0/118      AC:  5    Str: 26    XL:     12   Next: 23%
Magic:  12/12      EV: 10    Int:  6    God:    Trog [*****.]
Gold:   502        SH:  0    Dex: 12    Spells: 0 memorised, 11 levels left

rFire  . . .     SeeInvis .     A - +0 morningstar
rCold  + . .     Clarity  .     q - +1 robe {rC+}
rNeg   . . .     SustAt   .     (no shield)
rPois  .         Gourm    .     (helmet restricted)
rElec  .         Spirit   .     (no cloak)
rCorr  .         Warding  .     (gloves unavailable)
rMut   .         Stasis   .     (boots unavailable)
MR     ++...                    j - amulet of regeneration
Stlth  +.........               k - +1 ring of protection
                                e - ring of protection from magic

@: exhausted, slowed, very slow, very resistant to hostile enchantments, very
unstealthy
A: unfitting armour, tough skin 1
a: Burn Spellbooks, Berserk, Trog's Hand, Brothers in Arms, Renounce Religion


You were in an ice cave.
You worshipped Trog.
Trog was extremely pleased with you.
You were near starving.

You visited 1 branch of the dungeon, and saw 11 of its levels.
You also visited: Ice Cave.

You collected 502 gold pieces.

Inventory:

Hand weapons
 s - a +0 giant spiked club
 A - a +0 morningstar (weapon)
Missiles
 n - 10 tomahawks (quivered)
 o - 2 javelins of returning
 p - a throwing net
Armour
 q - a +1 robe of cold resistance (worn)
Jewellery
 e - a ring of protection from magic (left hand)
 j - an amulet of regeneration (around neck)
 k - a +1 ring of protection (right hand)
 B - an uncursed ring of protection from fire
 D - an uncursed amulet of resist corrosion
Magical devices
 a - a wand of slowing (16)
 d - a wand of digging (8)
 h - a wand of paralysis (10)
 i - a wand of frost (19)
 z - a wand of frost (26)
Scrolls
 g - 4 scrolls of enchant armour
 m - 3 scrolls of recharging {unknown}
 r - 2 scrolls of teleportation
 t - 9 scrolls of remove curse
 v - 3 scrolls of amnesia {unknown}
 w - 2 scrolls of noise {unknown}
 x - 3 scrolls of random uselessness {unknown}
 y - 2 scrolls of fear {unknown}
 C - a scroll of summoning {unknown}
 G - a scroll of blinking {unknown}
 I - 2 scrolls of torment {unknown}
Potions
 l - 2 potions of ambrosia
 u - 2 potions of curing
 F - a potion of flight
Comestibles
 b - 3 fruits
 c - 2 bread rations
 f - 6 meat rations
 E - 9 chunks of flesh


   Skills:
 + Level 7.4 Fighting
 + Level 18.7 Maces & Flails
 - Level 11.7 Throwing
 - Level 2.7 Dodging


You had 11 spell levels left.
You didn't know any spells.

Dungeon Overview and Level Annotations

Branches:
Dungeon (11/15)            Temple (0/1) D:5
   Lair: D:8-11         Orc: D:9-12

Altars:
Ashenzari
Fedhas
Kikubaaqudgha
Makhleb
Nemelex Xobeh
Qazlal
Sif Muna
Xom
Yredelemnul
Zin

Shops:
D:4 %   D:5 [   D:8 (

Annotations:
D:10 Sonja
D:11 Gastronok


Innate Abilities, Weirdness & Mutations

You are too large for most types of armour.
You have tough skin (AC +1).


Message History

Aim: a polar bear (almost dead, berserk, fast, unusually strong)
The puff of frost hits the polar bear.
The polar bear resists.
The polar bear is almost dead.
Evoking this partially-identified wand wasted a few charges.
The polar bear misses you.
The polar bear claws you but does no damage. x2
The polar bear barely misses you.
The polar bear claws you but does no damage.
The polar bear closely misses you. The polar bear misses you.
The polar bear claws you.
* * * LOW HITPOINT WARNING * * *
The polar bear completely misses you.
Drink which item? (? for menu, Esc to quit)
You feel better. The polar bear bites you!
* * * LOW HITPOINT WARNING * * *
The polar bear claws you.
* * * LOW HITPOINT WARNING * * *
The polar bear claws you but does no damage.
The polar bear bites you!
You die... #..#Y# ##...# #.h.#†## #.#.# #h.###Y# ###.## #YhY ##†# ##.# #..Y# #..# ##.# #hh# #..# #..# .hh

#.## #.##
#..## #.##
##..# ##@#
#..# ##h#
##h##
##..#
#..###..##
##.†#...#
#.....##
##....#
##..##
#..#


You could see a polar bear (berserk).

Vanquished Creatures
  Josephine (D:10)
  Erica (D:9)
  An ice statue (IceCv)
  A hill giant (D:9)
  The ghost of zigs the Basher, an experienced OgWr (D:4)
  A troll (D:9)
  9 polar bears (IceCv)
  15 yaks
  4 wraiths (D:10)
  Eustachio (D:5)
  A hungry ghost (D:8)
  17 wolves (IceCv)
  A water moccasin (D:9)
  Duvessa (D:6)
  12 ice beasts
  A black bear (D:8)
  2 orc warriors
  A phantom (D:7)
  A necrophage (D:7)
  4 ogres
  2 centaurs
  A crocodile (D:8)
  4 giant frogs
  A big kobold (D:10)
  A gnoll sergeant (D:7)
  2 wyvern zombies
  3 scorpions
  Dowan (D:6)
  7 killer bees
  A giant frog zombie (D:8)
  2 crimson imps
  A jelly (D:8)
  A centaur zombie (D:3)
  4 hounds
  3 iguanas
  9 orc wizards
  2 giant frog skeletons (D:7)
  5 orc priests
  A worker ant (D:5)
  A hound zombie (D:6)
  2 hound skeletons
  6 gnolls
  A worker ant zombie (D:8)
  8 adders
  2 shadow imps
  An ooze (D:2)
  5 worms
  3 giant geckos
  30 orcs
  7 giant cockroaches
  11 goblins
  13 hobgoblins
  2 ball pythons
  A ball python skeleton (D:4)
  6 bats
  A giant gecko skeleton (D:6)
  A giant gecko zombie (D:6)
  6 giant newts
  12 jackals
  7 kobolds
  A quokka (D:9)
  9 rats
263 creatures vanquished.

Vanquished Creatures (collateral kills)
  A death yak (IceCv)
  3 polar bears (IceCv)
  A yak (IceCv)
5 creatures vanquished.

Vanquished Creatures (others)
  An orc (D:9)
  A giant cockroach (D:5)
2 creatures vanquished.

Grand Total: 270 creatures vanquished

Notes
Turn   | Place    | Note
--------------------------------------------------------------
     0 | D:1      | Kusio the Ogre Berserker began the quest for the Orb.
     0 | D:1      | Reached XP level 1. HP: 24/24 MP: 1/1
   219 | D:1      | Reached XP level 2. HP: 32/32 MP: 2/2
   679 | D:1      | Reached skill level 5 in Maces & Flails
  1019 | D:2      | Reached XP level 3. HP: 24/39 MP: 3/3
  1223 | D:2      | Acquired Trog's second power
  1374 | D:2      | Reached skill level 6 in Maces & Flails
  1392 | D:2      | Reached XP level 4. HP: 46/48 MP: 4/4
  1709 | D:3      | Reached skill level 7 in Maces & Flails
  1709 | D:3      | Reached XP level 5. HP: 23/54 MP: 5/5
  2076 | D:3      | Reached skill level 8 in Maces & Flails
  2251 | D:3      | Found a deep blue altar of Sif Muna.
  2309 | D:3      | Reached XP level 6. HP: 58/62 MP: 6/6
  2529 | D:4      | Found Cishena's Food Shoppe.
  2882 | D:4      | Reached skill level 9 in Maces & Flails
  2885 | D:4      | Noticed zigs's ghost (experienced OgWr)
  2945 | D:4      | Killed zigs's ghost
  2945 | D:4      | Reached skill level 10 in Maces & Flails
  2945 | D:4      | Reached XP level 7. HP: 70/70 MP: 7/7
  3030 | D:4      | Reached skill level 11 in Maces & Flails
  3112 | D:4      | Identified the Tome of Augmentations
  3407 | D:5      | Entered Level 5 of the Dungeon
  3445 | D:5      | Reached XP level 8. HP: 65/78 MP: 8/8
  3510 | D:5      | Noticed Eustachio
  3523 | D:5      | Killed Eustachio
  3523 | D:5      | Reached skill level 12 in Maces & Flails
  3560 | D:5      | Found Vyot's Armour Boutique.
  3849 | D:5      | Found a staircase to the Ecumenical Temple.
  4278 | D:6      | Received a gift from Trog
  4334 | D:6      | Noticed Dowan
  4337 | D:6      | Noticed Duvessa
  4345 | D:6      | Killed Dowan
  4351 | D:6      | Reached skill level 13 in Maces & Flails
  4351 | D:6      | Reached skill level 1 in Throwing
  4404 | D:6      | Acquired Trog's third power
  4469 | D:6      | Killed Duvessa
  4532 | D:6      | Reached XP level 9. HP: 63/84 MP: 9/9
  4567 | D:6      | Found a shattered altar of Ashenzari.
  4568 | D:6      | Found a sparkling altar of Nemelex Xobeh.
  5131 | D:7      | Found a blossoming altar of Fedhas.
  5133 | D:7      | Found an ancient bone altar of Kikubaaqudgha.
  5409 | D:7      | Reached skill level 14 in Maces & Flails
  5466 | D:7      | Reached skill level 5 in Throwing
  6826 | D:8      | Reached skill level 15 in Maces & Flails
  6872 | D:8      | Reached XP level 10. HP: 70/93 MP: 10/10
  6965 | D:8      | Found a glowing silver altar of Zin.
  6965 | D:8      | Found a shimmering altar of Xom.
  6965 | D:8      | Found a deep blue altar of Sif Muna.
  6974 | D:8      | Found a stormy altar of Qazlal.
  7079 | D:8      | Found Heorull's Antique Weapon Shoppe.
  7374 | D:9      | Received a gift from Trog
  7471 | D:9      | Found a basalt altar of Yredelemnul.
  7473 | D:9      | Found a burning altar of Makhleb.
  7567 | D:9      | Noticed Erica
  7634 | D:9      | Noticed a hill giant
  7640 | D:9      | Killed a hill giant
  7752 | D:9      | Killed Erica
  7752 | D:9      | Reached skill level 16 in Maces & Flails
  8012 | D:10     | Entered Level 10 of the Dungeon
  8139 | D:10     | Noticed Josephine
  8158 | D:10     | Reached XP level 11. HP: 86/100 MP: 11/11
  8166 | D:10     | Killed Josephine
  8166 | D:10     | Reached skill level 10 in Throwing
  8243 | D:10     | Noticed Sonja
  8259 | D:10     | HP: 7/150 [wraith[Josephine] (10)]
  8260 | D:10     | HP: 2/150 [wraith[Josephine] (4)]
  8262 | D:10     | Reached skill level 17 in Maces & Flails
  8351 | D:11     | Found a frozen archway.
  8419 | D:11     | Noticed Gastronok
  8429 | IceCv    | Entered an ice cave
  8881 | IceCv    | Reached skill level 18 in Maces & Flails
  8964 | IceCv    | Reached skill level 5 in Fighting
  8990 | IceCv    | Reached XP level 12. HP: 31/113 MP: 12/12
  9131 | IceCv    | Noticed an ice statue
  9180 | IceCv    | Killed an ice statue
  9216 | IceCv    | Noticed a death yak
  9235 | IceCv    | Killed a death yak
  9270 | IceCv    | Slain by a polar bear

Vault maps used:
D:1:      dpeg_arrival_brainrot
D:2:      first_bread
D:3:      lemuel_blue_sif_altar
D:4:      serial_shops, nicolae_shop_crystal
D:5:      lemuel_temple_firewalk_marked, serial_shops, shop, uniq_eustachio
D:6:      nicolae_overflow_hidden_temple, uniq_duvessa
D:7:      grunt_temple_overflow_growth_and_decay
D:8:      nicolae_overflow_quartered_altars, serial_shops, shop_statue
D:9:      minitemple, uniq_erica
D:10:     hangedman_pestilent_swarm, st_stairs_12,
          nicolae_dithmenos_shadow_blocks, uniq_erolcha, uniq_josephine,
          uniq_maud, uniq_sonja
D:11:     erik_lair_orcish_takeover, david_orc_2, serial_shops, kennysheep_mini,
          serial_ice, serial_ice_c, serial_ice_m, serial_ice_i, serial_ice_h,
          portal_ice_cave_entry_ice_beasts, uniq_nergalle, uniq_gastronok
IceCv:    ice_cave_caverns_01

Action                   |  1- 3 |  4- 6 |  7- 9 | 10-12 || total
-------------------------+-------+-------+-------+-------++-------
Melee: Mace              |   141 |   178 |   147 |       ||   466
       Morningstar       |       |       |   189 |   429 ||   618
Throw: Tomahawk          |       |       |    34 |    34 ||    68
       Javelin           |       |       |     1 |       ||     1
Invok: Berserk           |     1 |     2 |     5 |     9 ||    17
       Burn Spellbooks   |       |       |     4 |       ||     4
       Brothers in Arms  |       |       |       |     3 ||     3
Evoke: Wand              |       |       |     1 |     1 ||     2
  Use: Scroll            |       |     1 |     7 |     4 ||    12
       Potion            |       |       |     1 |     7 ||     8
 Stab: Sleeping          |       |     1 |       |       ||     1
       Invisible         |       |       |     2 |       ||     2
       Distracted        |       |       |       |     1 ||     1
  Eat: Chunk             |     4 |     7 |    15 |    15 ||    41
       Meat ration       |       |       |     1 |     1 ||     2
       Bread ration      |       |       |     1 |     2 ||     3
       Fruit             |       |       |       |     3 ||     3
